 Dungeon Crawl Stone Soup version 0.28.0-53-g5a82cb258f (webtiles) character file.

Game seed: 16708091301001758914

4083 PhantomBowie the Fighter (level 10, -1/65 HPs)
             Began as a Gargoyle Fighter on June 3, 2022.
             Was a Priest of Okawaru.
             Slain by an orc warrior
             ... wielding a +0 hand axe
              (6 damage)
             ... in a bailey on June 4, 2022.
             The game lasted 00:30:59 (9440 turns).

PhantomBowie the Fighter (Gargoyle Fighter)         Turns: 9440, Time: 00:31:00

Health: -1/65      AC: 30    Str: 24    XL:     10   Next: 25%
Magic:  10/10      EV:  7    Int:  9    God:    Okawaru [***...]
Gold:   362        SH: 10    Dex:  9    Spells: 9/9 levels left

rFire   . . .      SeeInvis .   r - +0 morningstar (protect)
rCold   . . .      Faith    .   c - +0 buckler
rNeg    + . .      Spirit   .   u - +0 plate armour
rPois   ∞          Reflect  +   z - +0 helmet
rElec   +          Harm     .   (no cloak)
rCorr   +          Rampage  .   k - +0 pair of gloves
Will    .....                   (no boots)
Stlth   ..........              A - amulet of reflection
HPRegen 0.20/turn               o - +4 ring of slaying
MPRegen 0.12/turn               s - ring of resist corrosion

@: under a protective aura
A: sickness immunity, AC +7, negative energy resistance 1, electricity
resistance, torment resistance 1, petrification resistance
a: Renounce Religion, Heroism


You were in a bailey.
You worshipped Okawaru.
Okawaru was most pleased with you.
You visited 2 branches of the dungeon, and saw 9 of its levels.
You also visited: Sewer and Bailey.

You collected 362 gold pieces.

Inventory:

Hand Weapons
 r - a +0 morningstar of protection (weapon)
Missiles
 j - 3 atropa-tipped darts (quivered)
Armour
 c - a +0 buckler (worn)
 k - a +0 pair of gloves (worn)
 u - a +0 plate armour (worn)
 z - a +0 helmet (worn)
Jewellery
 i - a ring of ice
 o - a +4 ring of slaying (left hand)
 s - a ring of resist corrosion (right hand)
 A - an amulet of reflection (around neck)
Wands
 q - a wand of polymorph (13)
 y - a wand of digging (5)
Scrolls
 b - 3 scrolls of fog {unknown}
 d - 3 scrolls of summoning {unknown}
 h - 2 scrolls of teleportation {unknown}
 l - a scroll of blinking
 n - a scroll of immolation {unknown}
 p - 4 scrolls of identify {unknown}
 B - a scroll of vulnerability {unknown}
Potions
 a - a potion of mutation {unknown}
 e - a potion of berserk rage {unknown}
 f - 3 potions of lignification {unknown}
 g - 3 potions of curing {unknown}
 m - 2 potions of attraction {unknown}
 t - a potion of heal wounds {unknown}
 v - a potion of resistance {unknown}
 w - 3 potions of magic {unknown}
 x - a potion of ambrosia {unknown}


   Skills:
 + Level 8.7 Fighting
 + Level 7.5 Maces & Flails
 + Level 8.6 Armour
 + Level 8.7 Shields


You had 9 spell levels left.
You didn't know any spells.
Your spell library contained the following spells:

 Spells                   Type           Power      Damage    Failure   Level
 Ensorcelled Hibernation  Hex/Ice        0%         N/A       100%        2
 Passwall                 Tmut/Erth      0%         N/A       100%        2
 Conjure Flame            Conj/Fire      0%         6-21      100%        3
 Frozen Ramparts          Ice            0%         1d2       100%        3
 Ignite Poison            Fire/Tmut/Pois 0%         N/A       100%        3
 Swiftness                Air            0%         N/A       100%        3
 Ice Form                 Ice/Tmut       0%         N/A       100%        4
 Sticky Flame             Conj/Fire      0%         2d3       100%        4
 Summon Ice Beast         Ice/Summ       Unusable   N/A       N/A         4

Dungeon Overview and Level Annotations

Branches:
Dungeon (8/15)             Temple (1/1) D:5           Sewer (visited)
 Bailey (1/1)
   Lair: D:8-11

Altars:
Ashenzari
Cheibriados
Dithmenos
Elyvilon
Fedhas
Gozag
Hepliaklqana
Kikubaaqudgha
Makhleb
Nemelex Xobeh
Okawaru
Qazlal
Ru
Sif Muna
Trog
Uskayaw
Vehumet
Wu Jian
Xom
Yredelemnul
Zin
The Shining One

Shops:
D:4 *

Annotations:
D:3 1 runed translucent door, Crazy Yiuf


Innate Abilities, Weirdness & Mutations

You are immune to sickness and miasma.
Your stone body is resilient. (AC +7)
You are immune to poison.
You resist negative energy. (rN+)
You are resistant to electric shocks. (rElec)
You are resistant to unholy torment.
You are immune to petrification.


Message History

Aiming: Polymorph
Press: ? - help, Shift-Dir - straight line, f - hobgoblin
Aim: a hobgoblin, wielding a +0 war axe and wearing a +0 leather armour (will become a frilled lizard, a killer bee, or a kobold, chance to affect: 66%)
The hobgoblin evaporates and reforms as a frilled lizard!
Aiming: Polymorph
Press: ? - help, Shift-Dir - straight line, f - orc warrior, p - frilled lizard
Aim: an orc warrior, wielding a +0 hand axe and wearing a +0 ring mail (strong, will become a quokka, an ice beast, or a centaur, chance to affect: 49%)
The goblin evaporates and reforms as a giant cockroach!
The orc warrior no longer looks unusually strong.
You barely miss the giant cockroach. You block the giant cockroach's attack.
The frilled lizard bites you but does no damage.
You thump the giant cockroach!
Your weapon exudes an aura of protection.
You kill the giant cockroach!
Okawaru accepts your kill.
The goblin returns to its original shape as it dies.
The frilled lizard bites you but does no damage.
You block the orc warrior's attack.
Aiming: Polymorph
Press: ? - help, Shift-Dir - straight line, f/p - orc warrior
Aim: an orc warrior, wielding a +0 hand axe and wearing a +0 ring mail (will become a quokka, an ice beast, or a centaur, chance to affect: 49%)
The orc warrior resists with some effort.
The frilled lizard bites you but does no damage.
The orc warrior hits you but does no damage.
You closely miss the orc warrior. You block the frilled lizard's attack.
You block the orc warrior's attack.
You miss the orc warrior. You block the frilled lizard's attack.
You block the orc warrior's attack.
You barely miss the orc warrior. You block the frilled lizard's attack.
You block the orc warrior's attack.
The frilled lizard bites you but does no damage.
You sock the orc warrior!
Your weapon exudes an aura of protection.
The orc warrior is moderately wounded.
The orc warrior hits you but does no damage.
You block the frilled lizard's attack.
You hit the orc warrior.
The orc warrior is severely wounded.
The orc warrior hits you with a +0 hand axe.
You die...

#≈≈≈≈≈# #≈≈≈≈≈#
#≈≈≈≈≈# #≈≈≈≈≈#
#≈≈≈≈≈# ###≈≈≈≈≈#
#.≈≈≈≈≈≈#
#@≈≈≈≈≈.######
####++#ol≈≈≈≈......#
#.....#.≈≈≈≈≈......###
#.....'........).....#
#..⌠..'.......).)∩..∩#
#.....'..............#
#.....#.≈≈≈≈≈......###
####++#.≈≈≈≈≈......#
#.≈≈≈≈≈.######


You could see an orc warrior and a frilled lizard.

Vanquished Creatures
  An orc knight (Bailey)
  Maggie (D:6)
  A troll (D:7)
  Prince Ribbit (D:5)
  Grinder (D:5)
  Sigmund (D:6)
  A water moccasin (D:7)
  Duvessa (D:6)
  3 orc warriors
  A black bear (D:6)
  A sky beast (D:7)
  A necrophage (D:6)
  An ogre (D:7)
  3 bullfrogs
  2 scorpions (D:6)
  Dowan (D:6)
  9 killer bees
  3 electric eels
  A jelly (D:7)
  4 hounds
  A gnoll shaman (D:6)
  3 orc priests
  2 bullfrog skeletons (D:6)
  Jessica (D:2)
  Ijyb (D:3)
  2 iguanas
  5 orc wizards
  A killer bee zombie (D:5)
  A hound skeleton (D:4)
  A hound zombie (D:4)
  A howler monkey zombie (D:5)
  9 gnolls
  8 adders
  An adder skeleton (D:4)
  3 worms
  A dart slug (D:1)
  23 orcs
  4 endoplasms
  14 giant cockroaches
  8 goblins
  5 hobgoblins
  4 quokkas
  12 ball pythons
  6 bats
  13 frilled lizards
  9 kobolds
  9 rats
186 creatures vanquished.

Vanquished Creatures (others)
  A quokka (D:3)
  9 plants (D:2)
10 creatures vanquished.

Grand Total: 196 creatures vanquished

Notes
Turn   | Place    | Note
-------+----------+-------------------------------------------
     0 | D:1      | PhantomBowie the Gargoyle Fighter began the quest for the
                  | Orb.
     0 | D:1      | Reached XP level 1. HP: 14/14 MP: 1/1
   142 | D:1      | Reached XP level 2. HP: 12/19 MP: 2/2
   313 | D:1      | Found a faded altar of an unknown god.
   706 | D:1      | Reached XP level 3. HP: 24/24 MP: 3/3
   995 | D:2      | Noticed Jessica
  1004 | D:2      | Killed Jessica
  1021 | D:2      | Reached XP level 4. HP: 24/29 MP: 4/4
  1993 | D:3      | Found a shadowy altar of Dithmenos.
  1997 | D:3      | Noticed Ijyb
  2144 | D:3      | Killed Ijyb
  2145 | D:3      | Reached XP level 5. HP: 22/33 MP: 5/5
  2271 | D:3      | Found a runed translucent door.
  2272 | D:3      | Noticed Crazy Yiuf
  2403 | D:3      | Identified the +2 robe "Dotuos" {-Tele rElec Regen+ Dex+2}
  3550 | D:4      | Found a glowing drain.
  3566 | Sewer    | Entered a sewer
  3749 | Sewer    | Reached XP level 6. HP: 39/39 MP: 6/6
  4525 | D:4      | Reached skill level 5 in Fighting
  4525 | D:4      | Reached skill level 5 in Shields
  4701 | D:4      | Found Lablemia's Overcharged Wands.
  4713 | D:4      | Noticed an orc warrior
  4744 | D:4      | Killed an orc warrior
  4745 | D:4      | Reached skill level 5 in Armour
  4745 | D:4      | Reached XP level 7. HP: 7/44 MP: 7/7
  5495 | D:5      | Entered Level 5 of the Dungeon
  5521 | D:5      | Noticed Grinder
  5556 | D:5      | Killed Grinder
  5812 | D:5      | Reached XP level 8. HP: 51/51 MP: 8/8
  5858 | D:5      | Reached skill level 5 in Maces & Flails
  6111 | D:5      | Noticed Prince Ribbit
  6137 | D:5      | Killed Prince Ribbit
  6385 | D:5      | Found a staircase to the Ecumenical Temple.
  6391 | Temple   | Entered the Ecumenical Temple
  6454 | Temple   | Became a worshipper of Warmaster Okawaru
  6758 | D:6      | Noticed Duvessa
  6758 | D:6      | Noticed Dowan
  6831 | D:6      | Killed Dowan
  7122 | D:6      | Killed Duvessa
  7123 | D:6      | Reached XP level 9. HP: 55/56 MP: 9/9
  7210 | D:6      | Reached * piety under Okawaru
  7384 | D:6      | Noticed Maggie
  7400 | D:6      | Killed Maggie
  7650 | D:6      | Noticed Sigmund
  7658 | D:6      | Killed Sigmund
  8391 | D:7      | Reached ** piety under Okawaru
  9047 | D:8      | Reached XP level 10. HP: 63/64 MP: 10/10
  9270 | D:8      | Found a flagged portal.
  9359 | Bailey   | Entered a bailey
  9390 | Bailey   | Noticed an orc knight
  9423 | Bailey   | Killed an orc knight
  9423 | Bailey   | Reached *** piety under Okawaru
  9423 | Bailey   | HP: 2/65 [orc warrior/+0 hand axe (14)]
  9440 | Bailey   | Slain by an orc warrior

Illustrated notes

Levels and vault maps discovered:
D:1:      minmay_arrival_cross, layout_loops_ring,
          shapermc_ecumenical_altar_ellora
D:2:      layout_basic, lexackson_kobold_supper, uniq_jessica
D:3:      layout_basic, nicolae_dithmenos_shadow_blocks,
          uniq_crazy_yiuf_cottage, uniq_ijyb
D:4:      layout_cave_pools, cheibrodos_sewer_entry_bend,
          kennysheep_small_spiral, nicolae_shop_overcharged_wands
D:5:      layout_rooms, minmay_temple_entry_fiery, uniq_grinder,
          uniq_prince_ribbit1
D:6:      cheibrodos_quashed, layout_loops_ring, kennysheep_donut, uniq_duvessa,
          uniq_sigmund, uniq_maggie
D:7:      layout_basic, chequers_mini_garden
D:8:      layout_basic, lightli_bailey_entry_fortress
Temple:   mainiacjoe_temple_hex_bubbles
Bailey:   bailey_axe_of_yendor_kennysheep, bailey

Skill      XL: |  1  2  3  4  5  6  7  8  9 |
---------------+----------------------------+-----
Fighting       | 4 5 6 8 |  8.7
Shields        | 4 5 7 8 |  8.7
Armour         | 4 5 6 8 |  8.6
Maces & Flails | 3 4 5 7 |  7.5

Action                   |  1- 3 |  4- 6 |  7- 9 | 10-12 || total
-------------------------+-------+-------+-------+-------++-------
Melee: Flail             |    73 |   233 |       |       ||   306
       Morningstar       |       |    34 |   269 |    57 ||   360
Throw: Dart              |       |     2 |       |       ||     2
Invok: Heroism           |       |       |     1 |     1 ||     2
Evoke: Wand              |       |       |       |     3 ||     3
  Use: Potion            |       |     1 |       |       ||     1
       Scroll            |       |       |       |     1 ||     1
Armor: Scale mail        |    31 |     6 |       |       ||    37
       Chain mail        |       |   157 |     1 |       ||   158
       Plate armour      |       |       |   258 |    51 ||   309
Dodge: Dodged            |    29 |   114 |   102 |    19 ||   264
Block: Buckler           |    10 |    62 |    82 |    58 ||   212
       Reflection        |       |       |     2 |     1 ||     3
